 Dungeon Crawl Stone Soup version 0.31-a0-188-g5e087ee2ca (webtiles) character file.

Game seed: 8047213012915721014

252 qw the Skirmisher (level 5, -2/30 HPs)
             Began as a Deep Elf Hunter on June 23, 2023.
             Slain by a +0 spectral club (4 damage)
             ... created by Ijyb
             ... on level 3 of the Dungeon.
             The game lasted 00:00:36 (1997 turns).

qw the Skirmisher (Deep Elf Hunter)                 Turns: 1997, Time: 00:00:37

Health: -2/30      AC: 10    Str: 10    XL:     5   Next: 89%
Magic:  7/7        EV: 11    Int: 14    God:
Gold:   131        SH:  0    Dex: 18    Spells: 4/4 levels left

rFire   . . .        Y - +0 shortbow
rCold   . . .        (shield currently unavailable)
rNeg    . . .        g - +2 ring mail
rPois   .            i - +2 helmet
rElec   .            (no cloak)
rCorr   .            (no gloves)
SInv    .            (no boots)
Will    .....        (no amulet)
Stlth   +            (no ring)
HPRegen 0.25/turn    (no ring)
MPRegen 0.10/turn

%: no passive effects
@: no status effects
A: no striking features
a: no special abilities


You were on level 3 of the Dungeon.
You visited 1 branch of the dungeon, and saw 3 of its levels.

You collected 131 gold pieces.


   Skills:
 - Level 2.0 Fighting
 + Level 9.2 Ranged Weapons
 - Level 2.4 Dodging
 - Level 1.2 Stealth


You had 4 spell levels left.
You didn't know any spells.
Your spell library was empty.

Inventory:

Hand Weapons
 Y - a +0 shortbow (weapon)
Armour
 c - a +1 helmet
 f - a +2 robe of fire resistance
 g - a +2 ring mail (worn)
 i - a +2 helmet (worn)
Scrolls
 d - a scroll of brand weapon {unknown}
 j - a scroll of summoning {unknown}
Potions
 a - a potion of resistance {unknown}
 b - a potion of brilliance {unknown}
 e - a potion of berserk rage {unknown}
 h - a potion of invisibility {unknown}
 m - a potion of cancellation {unknown}

Dungeon Overview and Level Annotations

Branches:
Dungeon (3/15)

Altars:

Annotations:
D:3 Ijyb


Message History

You shoot an arrow. The arrow hits Ijyb.
Ijyb shouts!
Ijyb is moderately wounded.
You shoot an arrow. The arrow barely misses Ijyb.
You shoot an arrow. The arrow hits Ijyb but does no damage.
Ijyb is moderately wounded.
Ijyb zaps a wand.
The bolt of acid misses you.
You shoot an arrow. The arrow closely misses Ijyb.
Ijyb zaps a wand.
The bolt of acid hits you!
Ouch! That really hurt!
You shoot an arrow. The arrow closely misses Ijyb.
Ijyb hits you with a +0 spectral club.
The +0 spectral club hits you but does no damage.
A +0 spectral club comes into view.
You shoot an arrow. The arrow hits Ijyb.
Ijyb is heavily wounded.
Ijyb hits you but does no damage.
The +0 spectral club hits you but does no damage.
You shoot an arrow. The arrow closely misses Ijyb.
Ijyb hits you but does no damage.
The +0 spectral club completely misses you.
You shoot an arrow. The arrow hits Ijyb.
Ijyb is severely wounded.
Ijyb zaps a wand.
The bolt of acid misses you.
You shoot an arrow. The arrow hits Ijyb.
Ijyb is almost dead.
The +0 spectral club disappears.
Ijyb hits you with a +0 spectral club. The +0 spectral club hits you.
A +0 spectral club comes into view.
You shoot an arrow. The arrow hits Ijyb but does no damage.
Ijyb is almost dead.
Ijyb hits you but does no damage. The +0 spectral club barely misses you.
You shoot an arrow. The arrow closely misses Ijyb.
Ijyb closely misses you. The +0 spectral club barely misses you.
You shoot an arrow. The arrow hits Ijyb but does no damage.
Ijyb is almost dead.
Ijyb hits you but does no damage. The +0 spectral club hits you.
You shoot an arrow. The arrow closely misses Ijyb.
Ijyb hits you with a +0 spectral club. The +0 spectral club hits you.
You die...

##'###. #...<..
#...... #..(..>
##..##. #..##.
######..##.
###########....%.....
#..(@................
#..g#######.##.......
#... #.##.#..... #...
###.##.#..^.) #...
####..>##.#..... #...
#.........#..... #...
#.........#.....
##+###.........#.....
........#'####.....


You could see a +0 spectral club (wandering) and Ijyb.

Vanquished Creatures
  Sigmund (D:3)
  Jessica (D:3)
  3 adders
  A worm (D:2)
  3 dart slugs (D:1)
  4 endoplasms
  A giant cockroach (D:2)
  5 goblins
  3 hobgoblins
  2 quokkas (D:2)
  2 ball pythons
  2 bats (D:1)
  A frilled lizard (D:3)
  3 kobolds
  3 rats
35 creatures vanquished.

Notes
Turn   | Place    | Note
-------+----------+-------------------------------------------
     0 | D:1      | qw the Deep Elf Hunter began the quest for the Orb.
     0 | D:1      | Reached XP level 1. HP: 12/12 MP: 3/3
     0 | D:1      | 0 ||| qw: Version: 0.3-a-9-g12657ce
     0 | D:1      | 0 ||| qw: Game counter: 3523
     0 | D:1      | 0 ||| qw: Always use a shield: true
     0 | D:1      | 0 ||| qw: God list: Okawaru
     0 | D:1      | 0 ||| qw: Allow faded altars: false
     0 | D:1      | 0 ||| qw: Do Orc after D:15 true
     0 | D:1      | 0 ||| qw: Do second Lair branch before Depths: true
     0 | D:1      | 0 ||| qw: Lair rune preference: random
     0 | D:1      | 0 ||| qw: Plans: Normal
     0 | D:1      | 0 ||| PLANNING D:1-11
   149 | D:1      | Reached XP level 2. HP: 16/16 MP: 4/4
   170 | D:1      | Reached skill level 6 in Ranged Weapons
   815 | D:1      | 815 ||| UPGRADING to +0 ring mail.
   825 | D:1      | 825 ||| DROPPING +0 leather armour.
   826 | D:1      | 826 ||| UPGRADING to +0 helmet.
   831 | D:1      | 831 ||| READING scroll labelled XUNATO BENYFEF.
   832 | D:1      | 832 ||| READING scroll labelled GESHOP BOSSIVEDO.
   933 | D:1      | 933 ||| READING scroll labelled WOURIB XUOGUI.
   934 | D:1      | 934 ||| READING scroll labelled DAESYC GOWEAGG.
   935 | D:1      | 935 ||| READING scroll labelled UBORIZ BESHACH.
   936 | D:1      | 936 ||| READING 3 scrolls labelled UNAOHOCOK.
   937 | D:1      | 937 ||| READING 2 scrolls of enchant armour.
   937 | D:1      | 937 ||| ENCHANTING +0 helmet.
   938 | D:1      | 938 ||| READING scroll of enchant armour.
   938 | D:1      | 938 ||| ENCHANTING +1 helmet.
   939 | D:1      | 939 ||| READING scroll labelled ICO LEYFUNORUTA.
   942 | D:1      | 942 ||| DRINKING 3 fizzy white potions.
   943 | D:1      | 943 ||| DROPPING scroll of butterflies.
   944 | D:1      | 944 ||| DROPPING 2 potions of degeneration.
   999 | D:2      | Reached XP level 3. HP: 20/20 MP: 5/5
  1349 | D:2      | Reached skill level 7 in Ranged Weapons
  1597 | D:2      | 1597 ||| READING scroll labelled ESAZ QUPPIMI.
  1691 | D:3      | Noticed Sigmund
  1703 | D:3      | Killed Sigmund
  1704 | D:3      | Reached skill level 9 in Ranged Weapons
  1704 | D:3      | Reached XP level 4. HP: 24/25 MP: 6/6
  1704 | D:3      | Reached XP level 5. HP: 28/29 MP: 7/7
  1747 | D:3      | Noticed Jessica
  1757 | D:3      | Killed Jessica
  1773 | D:3      | 1773 ||| READING scroll of enchant armour.
  1773 | D:3      | 1773 ||| ENCHANTING +0 ring mail.
  1874 | D:3      | 1874 ||| READING scroll of enchant armour.
  1874 | D:3      | 1874 ||| ENCHANTING +1 ring mail.
  1984 | D:3      | Noticed Ijyb
  1997 | D:3      | HP: 2/30 [Ijyb/+0 spectral club (6)]
  1997 | D:3      | Slain by a +0 spectral club

Levels and vault maps discovered:
D:1:      dpeg_arrival_oval, layout_loops_ring
D:2:      layout_basic, minivault_24
D:3:      minmay_inner_zag, layout_basic, grunt_dithmenos_smoke,
          nicolae_overflow_crystal_walls, uniq_ijyb, uniq_jessica, uniq_sigmund

Skill      XL: |  1  2  3  4  5 |
---------------+----------------+-----
Ranged Weapons | 6 9 |  9.2
Fighting       | 2 |  2.0
Dodging        | |  2.4
Stealth        | |  1.2

Action                     |  1- 3 |  4- 6 || total
---------------------------+-------+-------++-------
   Fire: Shortbow          |    80 |    29 ||   109
    Use: Scroll            |    10 |     2 ||    12
         Potion            |     1 |       ||     1
 Armour: Leather armour    |     2 |       ||     2
         Ring mail         |     4 |     7 ||    11
  Dodge: Dodged            |    10 |    10 ||    20

Table legend:
 A = Non-vault XP
 B = Vault XP
 C = Vault XP percentage of total XP
 D = Non-vault monster count
 E = Vault monster count
 F = Vault count percentage of total count
                 A         B        C        D         E       F
            +---------+---------+-------+---------+---------+-------
      Total |      94 |     267 |  74.0 |      30 |       5 |  14.3
            +---------+---------+-------+---------+---------+-------
        D:1 |      31 |       0 |   0.0 |      15 |       0 |   0.0
        D:2 |      43 |       0 |   0.0 |       9 |       0 |   0.0
        D:3 |      20 |     267 |  93.0 |       6 |       5 |  45.5
            +---------+---------+-------+---------+---------+-------
